Unix NetHack Version 3.7.0-88 Work-in-progress - last build Aug 6 2023 13:40:22 (5c9c4c7fffe0d5f0a8b1342c2a36a56ed743986a,branch:master). Game began 2023-08-15 08:08:01, ended 2023-08-15 08:25:02. puncake, chaotic male orcish Rogue --------------- |.......*.....| |.....).......| ----.----# |.......).....| |........####.%....[.......- ------.@| ------.-----|-- |.a| # -..| ### ...| ## .=..| # ....| ##### ------ # ---|------- |.......... |........>| |.........| ----------- Puncake the Cutpurse St:16 Dx:18 Co:14 In:12 Wi:12 Ch:8 Chaotic S:1049 Dlvl:7 $:27 HP:0(28) Pw:17(17) AC:7 Xp:4/153 T:2591 Latest messages: The hill orc swings her curved sword. The hill orc hits! The bugbear throws a poisoned dart! The poisoned dart hits the hill orc. The poison doesn't seem to affect the hill orc. What do you want to ready? i - 13 uncursed +0 orcish daggers (at the ready). The hill orc throws a poisoned dart! A poisoned dart misses you. z - a poisoned dart (251 in total). You hit the hill orc. The hill orc swings her curved sword. The hill orc hits! The hill orc swings her curved sword. The hill orc hits! You climb up the stairs. You hear someone counting gold coins. The gnome lord picks up a crude dagger. In what direction? The orcish dagger hits the gnome lord. In what direction? You throw 2 orcish daggers. The 1st orcish dagger hits the gnome lord. The 2nd orcish dagger misses the gnome lord. In what direction? The orcish dagger hits the gnome lord. The gnome lord zaps a copper wand! The magic missile hits you! You hear the wailing of the Banshee... In what direction? You throw 2 orcish daggers. The 1st orcish dagger hits the gnome lord. You kill the gnome lord! In what direction? You kill the gas spore! Boom! WizzyTheWeird's ghost wakes up. i - an uncursed +0 orcish dagger (at the ready) (7 in total). K - a wand of magic missile. L - 5 daggers. WizzyTheWeird's ghost touches you! You see here an elven dagger. M - an elven dagger. i - an uncursed +0 orcish dagger (at the ready) (8 in total). You already found a monster. Use 'm' prefix to force another search. WizzyTheWeird's ghost touches you! You see here a rabid rat corpse. The killer bee stings! You die... Do you want to see the dungeon overview? q Inventory: Coins $ - 27 gold pieces Amulets y - an uncursed amulet versus poison (being worn) Weapons z - 251 uncursed poisoned +0 darts L - 5 uncursed +0 daggers M - an uncursed +0 elven dagger b - an uncursed +0 orcish dagger (weapon in hand) i - 8 uncursed +0 orcish daggers (at the ready) a - an uncursed +0 orcish short sword (alternate weapon; not wielded) Armor c - an uncursed +1 leather armor (being worn) Comestibles B - an uncursed cram ration h - an uncursed food ration C - an uncursed food ration H - an uncursed tripe ration Scrolls I - an uncursed scroll of blank paper J - a cursed scroll of blank paper k - an uncursed scroll of destroy armor G - a cursed scroll of food detection v - 2 uncursed scrolls of identify Potions s - a blessed potion of confusion D - a cursed potion of paralysis Rings u - an uncursed ring of stealth Wands K - an uncursed wand of magic missile (0:5) Tools f - an empty uncursed sack g - an uncursed blindfold e - an uncursed lock pick m - an uncursed magic marker (0:31) A - a cursed tin whistle q - an uncursed towel Puncake the Rogue's attributes: Background: You were a Cutpurse, a level 4 male orcish Rogue. You were chaotic, nominally on a mission for Kos who was opposed by Issek (lawful) and Mog (neutral). You were in the Dungeons of Doom, on level 7. You entered the dungeon 2591 turns ago. There was a new moon in effect when your adventure ended. You had 153 experience points, 7 more were needed to attain level 5. Your score was 1049 before end-of-game adjustments. Basics: You had 0 out of 28 hit points. You had all 17 energy points (spell power). Your armor class was 7. Your wallet contained 27 zorkmids. Autopickup was on for '%$?!/="+' plus thrown, with exceptions. Final Characteristics: Your strength was 16 (limit:18/50). Your dexterity was 18 (limit:18). Your constitution was 14 (limit:18). Your intelligence was 12 (limit:16). Your wisdom was 12 (limit:16). Your charisma was 8 (limit:16). Final Status: You were not hungry. You were unencumbered. You were wielding a dagger. You had basic skill with dagger. Final Attributes: You were piously aligned. You were poison resistant. You had infravision. You were stealthy. You were warded. You are dead. Miscellaneous: You encountered 1 bones level. Total elapsed playing time was 17 minutes. Major events: Turn 1: puncake the chaotic male orcish Rogue entered the dungeon 1082: attained the rank of Cutpurse (level 3) 2591: killed by a killer bee Vanquished creatures: a small mimic a gnome leader 2 red naga hatchlings a paper golem 2 giant ants a kitten a homunculus a giant bat an orc zombie 2 dwarf zombies an iguana 2 acid blobs a coyote a gas spore a hobgoblin 4 cave spiders 6 garter snakes a gecko 2 jackals a fox a kobold 2 goblins a sewer rat 3 grid bugs 2 kobold zombies 2 newts 44 creatures vanquished. No species were genocided or became extinct. Voluntary challenges: You were an atheist. You read items or engraved 4 times. You never engraved Elbereth. You never genocided any monsters. You never polymorphed an object. You never changed form. You used no wishes. Achievements: You entered a shop. You attained the rank of Cutpurse. The Dungeons of Doom: levels 1 to 8 Level 1: Some fountains. Level 2: A general store. Level 3: A general store, a fountain. Level 4: Level 5: Many fountains. Level 7: <- You were here. A grave. Final resting place for you, killed by a killer bee, WizzyTheWeird-Wiz-Hum-Mal-Neu, killed by a rock mole. Level 8: A throne. Game over: ---------- / \ / REST \ / IN \ / PEACE \ / \ | puncake | | 27 Au | | killed by a | | killer bee | | | | | | 2023 | *| * * * | * _________)/\\_//(\/(/\)/\//\/|_)_______ Goodbye puncake the Rogue... You died in The Dungeons of Doom on dungeon level 7 with 1047 points, and 27 pieces of gold, after 2591 moves. You were level 4 with a maximum of 28 hit points when you died.